 Dungeon Crawl Stone Soup version 0.29-a0-542-g075992c915 (webtiles) character file.

Game seed: 728295322822991271

834 ytrimaz the Basher (level 8, -1/63 HPs)
             Began as a Meteoran Fighter on June 5, 2022.
             Was a Priest of Qazlal.
             Slain by a gnoll
             ... wielding a +0 spear
              (7 damage)
             ... on level 6 of the Dungeon.
             The game lasted 00:07:26 (3178 turns).

ytrimaz the Basher (Meteoran Fighter)               Turns: 3178, Time: 00:07:26

Health: -1/63      AC:  1    Str: 19    XL:     8   Next: 42%
Magic:  9/9        EV: 11    Int: 11    God:    Qazlal [***...]
Gold:   118        SH:  9    Dex: 18    Spells: 7/7 levels left

rFire   . . .      SeeInvis .   p - +1 war axe of Polophuk {venom, +Blink Dex+5}
rCold   . . .      Faith    .   c - +0 buckler
rNeg    . . .      Spirit   .   (no body armour)
rPois   .          Reflect  .   (no helmet)
rElec   .          Harm     .   n - +0 cloak
rCorr   .          Rampage  .   (no gloves)
Will    +....      Archmagi +   (no boots)
Stlth   +.........              (no amulet)
HPRegen 0.20/turn               j - ring of wizardry
MPRegen 0.11/turn               m - ring of the Mage {Wiz Archmagi}

@: glowing
A: sense surroundings 1, otherworldly, glowing, explore regen
a: Renounce Religion, Evoke Blink, Upheaval, Elemental Force


You were on level 6 of the Dungeon.
You worshipped Qazlal.
Qazlal was most pleased with you.
You visited 1 branch of the dungeon, and saw 6 of its levels.

You collected 154 gold pieces.
You spent 36 gold pieces at shops.

Inventory:

Hand Weapons
 a - a +0 flail
 p - the +1 war axe of Polophuk (weapon) {venom, +Blink Dex+5}
   (You found it on level 5 of the Dungeon)

   It poisons the flesh of those it strikes.
   Dex:       It affects your dexterity (+5).
   +Blink:    It lets you blink.
Missiles
 k - a throwing net (quivered)
Armour
 c - a +0 buckler (worn)
 n - a +0 cloak (worn)
Jewellery
 j - a ring of wizardry (left hand)
 m - the ring of the Mage (right hand) {Wiz Archmagi}
   (You took it off a kobold on level 4 of the Dungeon)

   [ring of wizardry]

   It improves your spell success rate.
   Archmagi:  It increases the power of your magical spells.
Scrolls
 b - a scroll of noise
 f - a scroll of fog
 g - a scroll of enchant armour {unknown}
 h - 2 scrolls of teleportation
 r - a scroll of magic mapping {unknown}
Potions
 d - a potion of brilliance
 e - 6 potions of curing
 l - 2 potions of magic {unknown}
 o - a potion of flight {unknown}
 q - a potion of might


   Skills:
 - Level 3.4 Fighting
 * Level 5.2(7.7) Axes
 - Level 9.5(10.2) Maces & Flails
 - Level 4.1 Armour
 * Level 0.4 Dodging
 - Level 4.0 Shields


You had 7 spell levels left.
You didn't know any spells.
Your spell library contained the following spells:

 Spells                   Type           Power      Damage    Failure   Level
 Sting                    Tmut/Pois      0%         1d3       12%         1
 Poisonous Vapours        Pois/Air       0%         N/A       17%         2
 Portal Projectile        Hex/Tloc       0%         N/A       32%         3
 Tukima's Dance           Hex            0%         N/A       32%         3
 Olgreb's Toxic Radiance  Pois           0%         N/A       71%         4
 Blade Hands              Tmut           0%         N/A       95%         5


Dungeon Overview and Level Annotations

Branches:
Dungeon (6/15)             Temple (0/1) D:5

Altars:
Okawaru
Qazlal
Zin

Shops:
D:2 ?


Innate Abilities, Weirdness & Mutations

You passively map a small area around you.
You are easily found by Zot.
You glow in the dark.
You regain HP and MP as you explore.


Message History

The centaur wields a +0 shortbow.
The centaur shoots an arrow.
The arrow hits you.
The centaur shoots an arrow.
You block the arrow.
You hear a shout!
The centaur shoots an arrow.
You block the arrow.
You completely miss the gnoll.
The centaur shoots an arrow.
You block the arrow.
A gnoll comes into view. It is wielding a +0 spear.
The gnoll hits you from afar with a +0 spear.
The gnoll barely misses you.
The centaur shoots an arrow.
The arrow barely misses you.
The centaur shoots an arrow.
You block the arrow. The gnoll barely misses you.
The centaur shoots an arrow.
The arrow hits you.
A hound comes into view.
You hit the gnoll but do no damage.
The gnoll is poisoned.
You hit the gnoll.
The gnoll is poisoned.
You block the gnoll's attack.
The centaur shoots an arrow.
The arrow hits you.
A scorpion comes into view.
You block the gnoll's attack. The gnoll hits you with a +0 spear!
The gnoll hits you from afar with a +0 spear.
Unknown command.
Found a stone staircase leading down.
The centaur shoots an arrow.
You block the arrow.
The centaur shoots an arrow.
You block the arrow. The gnoll hits you with a +0 spear! x2
Unknown command.
The centaur unwields a +0 shortbow.
The centaur hits you. You block the centaur's attack.
You block the gnoll's attack. The gnoll barely misses you.
The gnoll hits you from afar with a +0 spear.
Unknown command.
The gnoll attacks as you move away! You block the gnoll's attack.
The centaur hits you but does no damage.
The centaur kicks you. You block the scorpion's attack. The centaur hits you.
* * * LOW HITPOINT WARNING * * *
The centaur kicks you.
* * * LOW HITPOINT WARNING * * *
The gnoll hits you from afar with a +0 spear!
* * * LOW HITPOINT WARNING * * *
You block the gnoll's attack.
The gnoll hits you from afar with a +0 spear!
You die...

#.........# * * ,
##........####+######.
#.....................*
*
#.....................,.
, ,
#....#.##...............
,
#....#.##!..............
,
#....#.##...............
.....#.##.###...###.....
....##..#.# #..g@c.....#
..........# #.gs○h...###
####......# #...g....# *
..#...... #........... ,
.>.###..., .............
, ...#
#................. ....
................ ....8
................ + .....
.>..............


You could see a centaur, a scorpion, a hound and 3 gnolls.

Vanquished Creatures
  A black bear (D:5)
  An ice beast (D:5)
  A bullfrog (D:6)
  A necrophage (D:4)
  A scorpion (D:4)
  A howler monkey (D:5)
  A hound (D:5)
  An orc priest (D:5)
  A gnoll shaman (D:5)
  3 iguanas
  Natasha (twice) (D:3)
  5 gnolls (D:5)
  10 adders
  2 worms
  4 dart slugs
  6 orcs
  8 endoplasms
  A giant cockroach (D:4)
  8 goblins
  4 hobgoblins
  3 jackals (D:5)
  A quokka (D:3)
  10 ball pythons
  2 bats
  2 frilled lizards
  A kobold (D:4)
  5 rats
86 creatures vanquished.

Notes
Turn   | Place    | Note
-------+----------+-------------------------------------------
     0 | D:1      | ytrimaz the Meteoran Fighter began the quest for the Orb.
     0 | D:1      | Reached XP level 1. HP: 19/19 MP: 2/2
     8 | D:1      | Found a faded altar of an unknown god.
    20 | D:1      | Prayed at the altar of an unknown god.
    20 | D:1      | Became a worshipper of Qazlal Stormbringer
    20 | D:1      | Reached * piety under Qazlal
    66 | D:1      | Reached XP level 2. HP: 12/26 MP: 3/3
   461 | D:1      | Reached skill level 3 in Maces & Flails
   486 | D:1      | Glimpsed the power of Zot.
   528 | D:1      | Reached XP level 3. HP: 30/31 MP: 4/4
   533 | D:1      | Glimpsed the power of Zot.
  1015 | D:2      | Reached skill level 4 in Maces & Flails
  1075 | D:2      | Glimpsed the power of Zot.
  1098 | D:2      | Reached XP level 4. HP: 34/38 MP: 5/5
  1108 | D:2      | Reached ** piety under Qazlal
  1120 | D:2      | Found Qyxoodd's Magic Scroll Shop.
  1123 | D:2      | Glimpsed the power of Zot.
  1129 | D:2      | Bought a scroll of teleportation for 36 gold pieces
  1163 | D:2      | Glimpsed the power of Zot.
  1172 | D:2      | Glimpsed the power of Zot.
  1173 | D:2      | Touched by the power of Zot.
  1273 | D:2      | Glimpsed the power of Zot.
  1318 | D:3      | Noticed Natasha
  1323 | D:3      | Killed Natasha
  1324 | D:3      | Reached skill level 5 in Maces & Flails
  1324 | D:3      | Reached XP level 5. HP: 19/36 MP: 6/6
  1860 | D:3      | Glimpsed the power of Zot.
  1874 | D:3      | Noticed Natasha
  1888 | D:3      | Killed Natasha
  1889 | D:3      | Reached skill level 6 in Maces & Flails
  1894 | D:3      | Glimpsed the power of Zot.
  2140 | D:4      | Noticed a necrophage
  2151 | D:4      | Reached skill level 7 in Maces & Flails
  2151 | D:4      | Reached XP level 6. HP: 49/51 MP: 7/7
  2374 | D:4      | Reached skill level 8 in Maces & Flails
  2435 | D:4      | Glimpsed the power of Zot.
  2459 | D:4      | Reached XP level 7. HP: 14/57 MP: 8/8
  2484 | D:4      | Glimpsed the power of Zot.
  2507 | D:5      | Entered Level 5 of the Dungeon
  2528 | D:5      | Reached *** piety under Qazlal
  2538 | D:5      | Reached skill level 9 in Maces & Flails
  2616 | D:5      | Identified the +1 war axe of Polophuk {venom, +Blink Dex+5}
  2646 | D:5      | Reached skill level 1 in Axes
  2680 | D:5      | Found a glowing silver altar of Zin.
  2736 | D:5      | Found an iron altar of Okawaru.
  2883 | D:5      | Reached XP level 8. HP: 46/63 MP: 9/9
  2956 | D:5      | Found a staircase to the Ecumenical Temple.
  3028 | D:5      | Glimpsed the power of Zot.
  3057 | D:6      | Reached skill level 5 in Axes
  3178 | D:6      | Slain by a gnoll

Illustrated notes

Levels and vault maps discovered:
D:1:      wander_arrival_fairy_ring, layout_loops_corners,
          nicolae_ecumenical_snake_handling
D:2:      layout_loops_ring, serial_shops, shop
D:3:      layout_basic, serial_rivers, chequers_serial_rivers_small_a,
          chequers_serial_rivers_micro_b, chequers_serial_rivers_micro_b,
          chequers_serial_rivers_large_b, chequers_serial_rivers_micro_c,
          uniq_natasha
D:4:      layout_loops_corners, general_overflow_altar, uniq_duvessa
D:5:      layout_basic, mainiacjoe_overflow_big_doors, temple_fountains,
          minmay_misc_feat_secret_circle
D:6:      layout_basic, amcnicky_altar_gilded, minivault_11,
          minmay_shop_damaged, hex_tiny, nicolae_elevator_lobby_asterisk

Skill      XL: |  1  2  3  4  5  6  7  8 |
---------------+-------------------------+-----
Armour         | 4 |  4.1
Maces & Flails | 3 4 5 7 8 9 |  9.5
Shields        | 4 |  4.0
Axes           | 3 5 |  5.2
Fighting       | |  3.4
Dodging        | |  0.4

Action                   |  1- 3 |  4- 6 |  7- 9 || total
-------------------------+-------+-------+-------++-------
Melee: Flail             |    88 |   139 |    41 ||   268
       War axe           |       |       |    44 ||    44
  Use: Scroll            |     1 |     4 |       ||     5
       Potion            |       |     1 |       ||     1
Armor: Scale mail        |    38 |     4 |       ||    42
       Chain mail        |       |    58 |    42 ||   100
       Skin              |       |       |     1 ||     1
Dodge: Dodged            |    30 |    26 |    26 ||    82
Block: Buckler           |    24 |    51 |    60 ||   135

Table legend: (Time is in decaauts)
 A = Elapsed time spent in this place.
 B = Non-inter-level travel time spent in this place.
 C = Inter-level travel time spent in this place.
 D = Time resting spent in this place.
 E = Time spent auto-exploring this place.
 F = Levels seen in this place.
 G = Mean time per level.
                   A        B        C        D        E       F      G
               +--------+--------+--------+--------+--------+-----+--------+
         Total |   3253 |   3211 |     42 |      0 |   2096 |   6 |  542.2 |
       Dungeon |   3253 |   3211 |     42 |      0 |   2096 |   6 |  542.2 |
               +--------+--------+--------+--------+--------+-----+--------+

Top non-repeatable levels by time:
     D:2: 775 daAuts
     D:3: 629 daAuts
     D:4: 599 daAuts
     D:1: 568 daAuts
     D:5: 543 daAuts
     D:6: 136 daAuts
